 Dungeon Crawl Stone Soup version 0.26-a0-708-g17f3b190f9 (webtiles) character file.

Game seed: 12700413063111699613

132 P0NYSLAYSTATION the Slasher (level 5, 0/47 HPs)
             Began as a Hill Orc Monk on Oct 29, 2020.
             Succumbed to a worker ant's poison
             ... on level 4 of the Dungeon.
             The game lasted 00:05:02 (2330 turns).

P0NYSLAYSTATION the Slasher (Hill Orc Monk)         Turns: 2330, Time: 00:05:03

Health: 0/47       AC:  4    Str: 15    XL:     5   Next: 15%
Magic:  5/5        EV: 13    Int: 10    God:
Gold:   82         SH:  0    Dex: 13    Spells: 4/4 levels left

rFire    . . .     SeeInvis .   i - +0 whip (flame)
rCold    . . .     Faith    .   (no shield)
rNeg     . . .     Spirit   .   g - +1 animal skin
rPois    .         Reflect  .   h - +0 helmet
rElec    .         Harm     .   (no cloak)
rCorr    .         Rampage  .   (no gloves)
MR       .....                  (no boots)
Stlth    ++........             (no amulet)
HPRegen  0.15/turn              (no ring)
MPRegen  0.09/turn              (no ring)

@: lethally poisoned (0 -> -21)
A: no striking features
a: no special abilities


You were on level 4 of the Dungeon.
You visited 1 branch of the dungeon, and saw 4 of its levels.

You collected 82 gold pieces.

Inventory:

Hand Weapons
 a - a +0 falchion
 i - a +0 whip of flaming (weapon)
Missiles
 j - 6 atropa-tipped darts (quivered)
Armour
 b - a +0 robe
 g - a +1 animal skin (worn)
 h - a +0 helmet (worn)
 k - a +0 kite shield
Jewellery
 d - a +6 ring of intelligence {unknown}
Scrolls
 c - 2 scrolls of amnesia
 e - a scroll of teleportation
 l - 4 scrolls of immolation {unknown}
Potions
 f - a potion of flight


   Skills:
 + Level 4.5 Fighting
 + Level 4.8 Long Blades
 + Level 3.1 Dodging
 + Level 1.9 Stealth


You had 4 spell levels left.
You didn't know any spells.
Your spell library was empty.

Dungeon Overview and Level Annotations

Branches:
Dungeon (4/15)
 Temple: D:4-7

Altars:
Dithmenos
Hepliaklqana
Trog


Message History

The worker ant poisons you!
Okay, then.
Okay, then.
You hit the worker ant. You burn the worker ant.
The worker ant is severely wounded.
* * * LOW HITPOINT WARNING * * *
You feel very sick. The worker ant closely misses you.
You barely miss the worker ant.
The worker ant is severely wounded.
* * * LOW HITPOINT WARNING * * *
You feel sick. The worker ant barely misses you.
You barely miss the worker ant.
The worker ant is severely wounded.
* * * LOW HITPOINT WARNING * * *
You feel sick.
The worker ant bites you but does no damage.
You hit the worker ant but do no damage.
The worker ant is severely wounded.
You die...

#+######## #........#
#........#
##############........#
......................##
...........####.....=...
.<.............†........
.............#..@.......
...........###..B.......
...........+............
...........####.....(...
...........# #.........
....>......# #.........
......... #.........
#.........


You could see a worker ant.

Vanquished Creatures
  Jessica (D:3)
  An orc wizard (D:3)
  Robin (D:3)
  An adder (D:2)
  An ooze (D:1)
  A worm (D:3)
  A dart slug (D:4)
  A leopard gecko (D:1)
  3 orcs (D:3)
  3 giant cockroaches
  8 hobgoblins
  7 jackals
  7 bats
  2 frilled lizards
  5 goblins
  4 kobolds
  A rat (D:2)
48 creatures vanquished.

Notes
Turn   | Place    | Note
-------+----------+-------------------------------------------
     0 | D:1      | P0NYSLAYSTATION the Hill Orc Monk began the quest for the
                  | Orb.
     0 | D:1      | Reached XP level 1. HP: 19/19 MP: 1/1
   155 | D:1      | Reached XP level 2. HP: 14/27 MP: 2/2
   757 | D:2      | Reached XP level 3. HP: 24/33 MP: 3/3
   893 | D:2      | Found a hazy altar of Hepliaklqana.
   947 | D:3      | Found a bloodstained altar of Trog.
  1018 | D:3      | Noticed Jessica
  1026 | D:3      | Killed Jessica
  1026 | D:3      | Reached XP level 4. HP: 39/40 MP: 4/4
  1054 | D:3      | Noticed Robin
  1079 | D:3      | Killed Robin
  1862 | D:3      | Reached XP level 5. HP: 29/47 MP: 5/5
  2072 | D:2      | Found a shadowy altar of Dithmenos.
  2329 | D:4      | HP: 1/47 [poisoned by a worker ant]
  2330 | D:4      | Succumbed to a worker ant's poison

Illustrated notes

Levels and vault maps discovered:
D:1:      dpeg_arrival_water_temple_mockup, layout_basic, minmay_misc_feat_doors
D:2:      layout_loops_corners, lemuel_doored_altar,
          nicolae_dithmenos_through_a_glass_darkly,
          lemuel_zombie_altar_yredelemnul, corexii_corridor_pit, minmay_tall_x
D:3:      layout_loops_cross, nicolae_overflow_hidden_temple,
          lemuel_coloured_pillars_altar, bh_walls_and_bars, uniq_robin,
          uniq_jessica
D:4:      layout_basic, fiery_altar_vehumet, gammafunk_ghost_necromancy,
          uniq_menkaure, uniq_sigmund

Skill      XL: |  1  2  3 |
---------------+----------+-----
Fighting       | 4 |  4.5
Long Blades    | 4 |  4.8
Dodging        | 3 |  3.1
Stealth        | |  1.9

Action                   |  1- 3 |  4- 6 || total
-------------------------+-------+-------++-------
Melee: Falchion          |    57 |    93 ||   150
       Whip              |       |    26 ||    26
  Use: Potion            |       |     1 ||     1
       Scroll            |       |     4 ||     4
 Stab: Sleeping          |     1 |     2 ||     3
Armor: Robe              |    10 |     6 ||    16
       Skin              |       |     1 ||     1
       Animal skin       |       |     9 ||     9
Dodge: Dodged            |    53 |    87 ||   140
       Rpst.: Falchion   |    16 |    23 ||    39

Table legend: (Time is in decaauts)
 A = Elapsed time spent in this place.
 B = Non-inter-level travel time spent in this place.
 C = Inter-level travel time spent in this place.
 D = Time resting spent in this place.
 E = Time spent auto-exploring this place.
 F = Levels seen in this place.
 G = Mean time per level.
                   A        B        C        D        E       F      G
               +--------+--------+--------+--------+--------+-----+--------+
         Total |   2348 |   2248 |    100 |    180 |   1630 |   4 |  587.0 |
       Dungeon |   2348 |   2248 |    100 |    180 |   1630 |   4 |  587.0 |
               +--------+--------+--------+--------+--------+-----+--------+

Top non-repeatable levels by time:
     D:3: 1320 daAuts
     D:1: 671 daAuts
     D:2: 323 daAuts
     D:4: 33 daAuts
